 Dungeon Crawl Stone Soup version 0.16-a0-3320-ga5ba31b (webtiles) character file.

1196 Minkie the Martial Artist (level 8, -1/64 HPs)
             Began as a Naga Transmuter on Dec 26, 2014.
             Slain by a river rat (7 damage)
             ... summoned by Eustachio
             ... on level 5 of the Dungeon.
             The game lasted 00:27:13 (6955 turns).

Minkie the Martial Artist (Naga Transmuter)         Turns: 6955, Time: 00:27:14

Health: -1/64      AC:  7    Str: 13    XL:     8   Next: 44%
Magic:  0/13       EV: 10    Int: 14    God:
Gold:   198        SH:  0    Dex: 13    Spells: 3 memorised, 1 level left

rFire  . . .     SeeInvis +       - Unarmed
rCold  . . .     Clarity  .     z - +2 robe {MR+}
rNeg   . . .     SustAb   .     (no shield)
rPois  +         Gourm    .     g - +0 helmet
rElec  .         Spirit   +     x - +0 cloak
rCorr  .         Warding  .     (no gloves)
rMut   .         Stasis   .     (no barding)
MR     ++...                    e - amulet of guardian spirit
Stlth  +.........               (no ring)
                                (no ring)

@: very slow, very resistant to hostile enchantments, very unstealthy
A: spit poison, see invisible, deformed body, poison resistance, slowness 2, AC
+2
a: Spit Poison


You were on level 5 of the Dungeon.
You were hungry.

You visited 2 branches of the dungeon, and saw 6 of its levels.

You collected 261 gold pieces.
You spent 63 gold pieces at shops.

Inventory:

Missiles
 b - 12 arrows
 c - 2 javelins (quivered)
 w - 11 poisoned needles
Armour
 g - a +0 helmet (worn)
 x - a +0 cloak (worn)
 z - a +2 robe of magic resistance (worn)
Jewellery
 e - an amulet of guardian spirit (around neck)
Magical devices
 t - a wand of digging (14)
Scrolls
 h - a scroll of fog {unknown}
 i - 3 scrolls of remove curse {unknown}
 j - a scroll of fear {unknown}
 l - 2 scrolls of identify {unknown}
 p - a scroll of blinking {unknown}
 r - a scroll of noise {unknown}
 v - a scroll of magic mapping {unknown}
 y - a scroll of enchant armour {unknown}
 A - a scroll of immolation {unknown}
 B - a scroll of recharging {unknown}
Potions
 k - 2 potions of flight {unknown}
 n - 4 potions of curing {unknown}
 o - 2 potions of brilliance {unknown}
 q - a potion of berserk rage {unknown}
 s - 2 potions of mutation {unknown}
 u - a potion of ambrosia {unknown}
Books
 d - a book of Changes

   Spells                             Type                      Level
   a - Beastly Appendage              Transmutation                1
   b - Sticks to Snakes               Transmutation                2
   c - Spider Form                    Transmutation/Poison         3
   d - Ice Form                       Ice/Transmutation            4
   e - Blade Hands                    Transmutation                5
Comestibles
 a - 4 bread rations
 f - 5 meat rations


   Skills:
 - Level 1.0 Fighting
 - Level 1.5 Dodging
 + Level 8.6 Unarmed Combat
 - Level 2.0 Spellcasting
 + Level 5.9 Transmutations


You had one spell level left.
You knew the following spells:

 Your Spells              Type           Power        Failure   Level  Hunger
a - Beastly Appendage     Trmt           ###...       2%          1    ##.....
b - Ice Form              Ice/Trmt       #.......     82%         4    #####..
c - Blade Hands           Trmt           ###.......   71%         5    ######.


Dungeon Overview and Level Annotations

Branches:
Dungeon (5/15)             Temple (1/1) D:4

Altars:
Elyvilon
Fedhas
Nemelex Xobeh
Okawaru
Qazlal
Trog
Xom
Yredelemnul
The Shining One
Lugonu

Shops:
D:4 =

Annotations:
D:5 Eustachio


Innate Abilities, Weirdness & Mutations

You cannot wear boots.
You can spit poison.
Your serpentine skin is tough (AC +2).
You have supernaturally acute eyesight.
Armour fits poorly on your strangely shaped body.
Your system is resistant to poisons.
You cover ground very slowly.


Message History

Eustachio zaps a wand.
You resist with almost no effort. The river rat barely misses you. x2
You closely miss Eustachio.
Eustachio is moderately wounded.
You have got your breath back.
The bat barely misses you.
Eustachio zaps a wand.
You resist with almost no effort.
You miss Eustachio.
Eustachio is moderately wounded.
The river rat bites you.
* * * LOW HITPOINT WARNING * * *
The river rat bites you but does no damage.
The bat hits you.
You punch Eustachio!
Eustachio is severely wounded.
The bat hits you but does no damage.
Eustachio zaps a wand.
You resist with almost no effort. The river rat bites you!
* * * LOW HITPOINT WARNING * * *
The river rat bites you!
You die...

..#######..........#
#.
#..................#
#.
#########.##.#######
#. #.##.# #. #.##.#
####. #.##.# #....
#.##r# #.##. #.##r#
#.##. #.##@## #.##.
#>#r@.##### #.##.
#...b.....# #.##.
###...###.# #.##.
......####.## #.##.
#####.......# #.##.
######..######.##.
#............
########.#######.###


You could see Eustachio, 3 river rats and a bat.

Vanquished Creatures
  Pikel (D:4)
  A phantom (D:4)
  4 slaves (D:4)
  A centaur (D:4)
  Sigmund (D:2)
  A hound (D:3)
  A giant frog skeleton (D:4)
  2 iguanas (D:4)
  An orc priest (D:4)
  3 worker ants
  4 orc wizards (D:4)
  Ijyb (D:3)
  A river rat (D:5)
  5 adders
  A giant mite (D:3)
  A white imp (D:5)
  2 worms
  An adder skeleton (D:4)
  2 giant geckos
  7 orcs
  4 giant cockroaches (D:2)
  7 hobgoblins
  2 jackals (D:2)
  12 kobolds
  6 quokkas
  5 ball pythons
  10 bats
  3 giant newts
  14 goblins
  A quokka skeleton (D:5)
  7 rats
112 creatures vanquished.

Notes
Turn   | Place    | Note
--------------------------------------------------------------
     0 | D:1      | Minkie, the Naga Transmuter, began the quest for the Orb.
     0 | D:1      | Reached XP level 1. HP: 18/18 MP: 3/3
   613 | D:1      | Reached XP level 2. HP: 22/25 MP: 4/4
  1330 | D:1      | Reached skill level 4 in Unarmed Combat
  1620 | D:2      | Reached XP level 3. HP: 27/31 MP: 4/6
  1753 | D:2      | Noticed Sigmund
  1779 | D:2      | Killed Sigmund
  1779 | D:2      | Reached skill level 5 in Unarmed Combat
  1779 | D:2      | Reached XP level 4. HP: 2/38 MP: 1/7
  2414 | D:2      | Reached XP level 5. HP: 38/44 MP: 7/9
  3054 | D:3      | Reached skill level 6 in Unarmed Combat
  3991 | D:3      | Noticed Ijyb
  4010 | D:3      | Reached XP level 6. HP: 45/51 MP: 8/10
  4038 | D:3      | Killed Ijyb
  4719 | D:4      | Found a staircase to the Ecumenical Temple.
  4730 | Temple   | Entered the Ecumenical Temple
  4906 | D:4      | Found Wuomu's Jewellery Shoppe.
  4916 | D:4      | Bought a cursed ring of loudness for 63 gold pieces
  4955 | D:4      | Noticed Pikel
  5309 | D:4      | Reached skill level 7 in Unarmed Combat
  5551 | D:4      | Killed Pikel
  5551 | D:4      | Reached skill level 8 in Unarmed Combat
  5551 | D:4      | Reached skill level 5 in Transmutations
  5551 | D:4      | Reached XP level 7. HP: 26/57 MP: 7/12
  5551 | D:4      | Reached XP level 8. HP: 29/64 MP: 7/13
  5719 | D:4      | Learned a level 4 spell: Ice Form
  5725 | D:4      | Learned a level 5 spell: Blade Hands
  6622 | D:5      | Entered Level 5 of the Dungeon
  6895 | D:5      | Noticed Eustachio
  6955 | D:5      | Slain by a river rat

Action                   |  1- 3 |  4- 6 |  7- 9 || total
-------------------------+-------+-------+-------++-------
Melee: Unarmed           |    93 |   294 |   111 ||   498
Throw: Javelin           |       |     6 |       ||     6
 Abil: Spit Poison       |     4 |    18 |    19 ||    41
  Use: Potion            |     2 |       |       ||     2
 Stab: Sleeping          |     1 |     1 |       ||     2
  Eat: Chunk             |     3 |    13 |     5 ||    21
